 Dungeon Crawl Stone Soup version 0.21-a0-39-g28ea6b7 (webtiles) character file.

8584 seren the Slicer (level 11, 0/72 HPs)
             Began as a Halfling Fighter on May 30, 2017.
             Was a Believer of Uskayaw.
             Slain by a spiny frog (22 damage)
             ... on level 1 of the Lair of Beasts on May 31, 2017.
             The game lasted 00:49:29 (12425 turns).

seren the Slicer (Halfling Fighter)                Turns: 12425, Time: 00:49:30

Health: 0/72       AC:  9    Str: 20    XL:     11   Next: 58%
Magic:  15/19      EV: 19    Int:  6    God:    Uskayaw [**....]
Gold:   344        SH: 10    Dex: 19    Spells: 10/10 levels left

rFire    + . .     SeeInvis .   a - +1 rapier
rCold    . . .     Gourm    .   c - +0 shield
rNeg     . . .     Faith    .   V - +2 leather armour "Kottatij" {rF+}
rPois    .         Spirit   .   M - +0 helmet
rElec    .         Reflect  .   (no cloak)
rCorr    .         Harm     .   y - +0 pair of gloves
MR       .....                  v - +0 pair of boots
Stlth    +.........             s - amulet of rage
Regen    0.3/turn               h - +4 ring of dexterity
MPRegen  0.2/turn               w - +3 ring of evasion

@: lethally poisoned (0 -> -39)
A: mutation resistance 1
a: Stomp, Line Pass, Renounce Religion, Evoke Berserk Rage


You were on level 1 of the Lair of Beasts.
You worshipped Uskayaw.
Uskayaw was aware of your devotion.
You were not hungry.

You visited 3 branches of the dungeon, and saw 12 of its levels.

You collected 594 gold pieces.
You spent 250 gold pieces at shops.

Inventory:

Hand Weapons
 a - a +1 rapier (weapon)
 b - a +0 hunting sling of velocity
 T - a +3 scimitar of flaming
 W - a cursed +0 blowgun
Missiles
 j - a throwing net (quivered)
 r - 253 stones
 K - 66 sling bullets
Armour
 c - a +0 shield (worn)
 v - a +0 pair of boots (worn)
 y - a +0 pair of gloves (worn)
 M - a +0 helmet (worn)
 V - the +2 leather armour "Kottatij" (worn) {rF+}
   (You bought it in a shop on level 8 of the Dungeon)

   It protects you from fire.
Jewellery
 h - a +4 ring of dexterity (left hand)
 s - an amulet of rage (around neck)
 w - a +3 ring of evasion (right hand)
Wands
 D - a wand of scattershot (4/9)
 J - a wand of confusion (23/48)
 P - a wand of polymorph (11/24)
 Q - a wand of flame (17/48)
 R - a wand of iceblast (6/15)
 S - a wand of disintegration (8/24)
Scrolls
 e - 5 scrolls of teleportation
 i - 2 scrolls of immolation
 k - 2 scrolls of amnesia
 m - 2 scrolls of magic mapping
 n - 2 scrolls of blinking {unknown}
 t - 2 scrolls of fog
 u - 2 scrolls of enchant weapon
 B - a scroll of recharging {unknown}
 E - a scroll of noise {unknown}
 G - 2 scrolls of fear {unknown}
 I - 2 scrolls of random uselessness {unknown}
 N - 3 scrolls of remove curse
 U - a scroll of vulnerability {unknown}
Potions
 o - a potion of cancellation
 x - 2 potions of berserk rage
 A - 3 potions of haste
 C - a potion of brilliance
 L - a potion of ambrosia
 O - 2 potions of mutation {!q}
 X - a potion of resistance {unknown}
Comestibles
 d - 4 chunks of flesh
 f - 5 bread rations
 p - 7 royal jellies
 q - 20 fruits


   Skills:
 + Level 5.5 Fighting
 - Level 12.4 Short Blades
 - Level 4.6 Slings
 - Level 6.5 Armour
 - Level 5.4 Dodging
 - Level 3.2 Shields
 - Level 10.7 Invocations


You had 10 spell levels left.
You didn't know any spells.

Dungeon Overview and Level Annotations

Branches:
Dungeon (10/15)            Temple (1/1) D:5            Lair (1/6) D:10
    Orc (0/2) D:9

Altars:
Ashenzari
Cheibriados
Dithmenos
Elyvilon
Fedhas
Gozag
Hepliaklqana
Kikubaaqudgha
Makhleb
Nemelex Xobeh
Okawaru
Qazlal
Ru
Sif Muna
Trog
Uskayaw
Vehumet
Wu Jian
Xom
Yredelemnul
Zin
The Shining One

Shops:
D:4 !   D:8 (%%[?

Annotations:
D:9 double head ogre


Innate Abilities, Weirdness & Mutations

You are small and have problems with some larger weapons.
You are somewhat resistant to further mutation.


Message History

Press: ? - help, Dir - move target cursor The spiny frog appears confused.
You feel somewhat more hungry.
You can no longer pass through a line of other dancers.
You feel sick. The spiny frog completely misses you.
You hit the spiny frog.
The spiny frog is lightly wounded.
You feel sick. The spiny frog stings you!
You are more poisoned.
The spiny frog poisons you!
You see here a spiny frog corpse.
You puncture the spiny frog!
The spiny frog is heavily wounded.
You feel sick.
The spiny frog seems less confused.
The spiny frog stings you.
You are lethally poisoned!
The spiny frog poisons you!
You can now pass through a line of other dancers.
You hit the spiny frog.
The spiny frog is heavily wounded.
You feel sick. The spiny frog stings you!!
You die...

##.+.##..# #......[.#
P##.+ #........##
..... #.........#
...... #........P#
P..... #........#####
#...... #..(.....'...#
.......
#........#..###.$.....
#...>....##.F@.+
#........#######
#.........#
##........#
#.#####.### ## ###


You could see a spiny frog.

Vanquished Creatures
  Erica (D:8)
  A two-headed ogre (D:8)
  Maurice (D:7)
  2 spiny frogs (Lair:1)
  2 komodo dragons (Lair:1)
  A hornet (D:10)
  Grinder (D:5)
  A hippogriff (Lair:1)
  3 yaks (Lair:1)
  A human (D:7)
  4 hogs (D:7)
  A hungry ghost (D:10)
  3 water moccasins
  A black bear (D:9)
  A sky beast (D:8)
  3 orc warriors (D:9)
  An ice beast (D:7)
  2 phantoms
  3 ogres
  3 centaurs
  A big kobold (D:9)
  4 bullfrogs
  A gnoll sergeant (D:10)
  A scorpion (D:9)
  15 killer bees
  An electric eel (D:8)
  7 hounds
  A quasit (D:7)
  3 crimson imps
  A gnoll shaman (D:5)
  6 orc priests
  13 orc wizards
  Ijyb (D:4)
  3 iguanas (D:5)
  2 worker ants (D:4)
  A hound zombie (D:6)
  A hound skeleton (D:4)
  2 howler monkey skeletons
  12 adders
  11 gnolls
  2 shadow imps
  An ooze (D:1)
  An adder zombie (D:7)
  2 adder skeletons
  3 worms
  2 dart slugs
  2 leopard geckos (D:1)
  30 orcs
  3 giant cockroaches
  8 goblins
  8 hobgoblins
  13 jackals
  16 kobolds
  6 quokkas
  2 ball pythons
  5 bats
  6 frilled lizards
  A jackal zombie (D:6)
  3 leopard gecko skeletons
  A leopard gecko zombie (D:5)
  A quokka skeleton (D:5)
  5 rats
244 creatures vanquished.

Vanquished Creatures (others)
  2 fungi (Lair:1)
  2 plants (Lair:1)
4 creatures vanquished.

Grand Total: 248 creatures vanquished

Notes
Turn   | Place    | Note
-------+----------+-------------------------------------------
     0 | D:1      | seren the Halfling Fighter began the quest for the Orb.
     0 | D:1      | Reached XP level 1. HP: 15/15 MP: 1/1
    92 | D:1      | Reached skill level 3 in Short Blades
    93 | D:1      | Reached XP level 2. HP: 20/20 MP: 2/2
   268 | D:1      | Reached XP level 3. HP: 19/25 MP: 3/3
   371 | D:1      | Reached skill level 4 in Short Blades
  1068 | D:2      | Reached XP level 4. HP: 29/30 MP: 4/4
  1250 | D:2      | Reached skill level 5 in Short Blades
  1877 | D:3      | Reached XP level 5. HP: 35/35 MP: 5/5
  1926 | D:3      | Found a sacrificial altar of Ru.
  2644 | D:3      | Reached skill level 6 in Short Blades
  3066 | D:4      | Reached skill level 7 in Short Blades
  3066 | D:4      | Reached XP level 6. HP: 39/41 MP: 6/6
  3121 | D:4      | Found an opulent altar of Gozag.
  3309 | D:4      | Found Akleodonwo's Distillery.
  3314 | D:4      | Bought a potion of curing for 33 gold pieces
  3571 | D:4      | Reached skill level 8 in Short Blades
  3587 | D:4      | Found an iron altar of Okawaru.
  3676 | D:4      | Noticed Ijyb
  3685 | D:4      | Killed Ijyb
  3867 | D:5      | Entered Level 5 of the Dungeon
  3887 | D:5      | Reached XP level 7. HP: 43/45 MP: 7/7
  3948 | D:5      | Reached skill level 9 in Short Blades
  4040 | D:5      | Noticed Grinder
  4407 | D:5      | Reached skill level 10 in Short Blades
  4622 | D:5      | Reached XP level 8. HP: 51/51 MP: 8/8
  4632 | D:5      | Paralysed by Grinder for 2 turns
  4640 | D:5      | Killed Grinder
  5389 | D:5      | Found a staircase to the Ecumenical Temple.
  5395 | Temple   | Entered the Ecumenical Temple
  5474 | Temple   | Became a worshipper of Uskayaw the Reveler
  5529 | D:5      | Reached * piety under Uskayaw
  5536 | D:5      | Reached ** piety under Uskayaw
  6039 | D:6      | Reached *** piety under Uskayaw
  6135 | D:6      | Found a hazy altar of Hepliaklqana.
  6359 | D:6      | Reached skill level 1 in Invocations
  6369 | D:6      | Reached skill level 5 in Armour
  6479 | D:6      | Reached XP level 9. HP: 58/58 MP: 8/10
  6881 | D:6      | Found a blossoming altar of Fedhas.
  7679 | D:7      | Reached **** piety under Uskayaw
  7680 | D:7      | Reached skill level 5 in Fighting
  7680 | D:7      | Reached skill level 5 in Dodging
  7684 | D:7      | Reached ***** piety under Uskayaw
  8183 | D:8      | Reached skill level 5 in Invocations
  8188 | D:8      | Reached XP level 10. HP: 62/66 MP: 12/14
  8427 | D:8      | Found Yreab's Antique Weapon Boutique.
  8484 | D:8      | Noticed Maurice
  8510 | D:7      | Killed Maurice
  8599 | D:8      | Noticed Erica
  8613 | D:8      | Killed Erica
  8726 | D:8      | Found a stormy altar of Qazlal.
  8729 | D:8      | Found a white marble altar of Elyvilon.
  8744 | D:8      | Found a burning altar of Makhleb.
  8758 | D:8      | Found a sparkling altar of Nemelex Xobeh.
  8788 | D:8      | Found Kiaqumot's Antique Armour Shoppe.
  8807 | D:8      | Bought a spiked leather armour for 217 gold pieces
  8817 | D:8      | Identified the +2 leather armour "Kottatij" {rF+} (You bought it in a shop on level 8 of the Dungeon)
  8830 | D:8      | Found Wuume's Magic Scroll Shoppe.
  8838 | D:8      | Found Xuseotte's Food Shoppe.
  8870 | D:8      | Found Haet's Food Shoppe.
  9326 | D:9      | Found a staircase to the Orcish Mines.
  9678 | D:9      | Noticed a two-headed ogre
  9714 | D:8      | Noticed a two-headed ogre
  9725 | D:8      | Killed a two-headed ogre
  9725 | D:8      | Reached skill level 10 in Invocations
 10010 | D:9      | Reached XP level 11. HP: 72/72 MP: 19/19
 10218 | D:10     | Entered Level 10 of the Dungeon
 10893 | D:10     | Paralysed by a hornet for 3 turns
 10907 | D:10     | Reached skill level 11 in Short Blades
 11300 | D:10     | Noticed a two-headed ogre
 11418 | D:10     | Found a staircase to the Lair.
 11474 | Lair:1   | Entered Level 1 of the Lair of Beasts
 11497 | Lair:1   | Reached skill level 12 in Short Blades
 11613 | Lair:1   | Reached skill level 1 in Slings
 12425 | Lair:1   | Slain by a spiny frog

Vault maps used:
D:1:      lightli_arrival_flooded_house, minmay_misc_feat_alley, st_stairs_5
D:2:      dk_vineyard_1
D:3:      minmay_item_behind_shaft, nicolae_ru_the_path_less_chosen
D:4:      nicolae_gozag_seed_capital, lemuel_doored_altar, first_bread,
          serial_shops, kennysheep_little_box, minmay_door_square,
          grunt_ministairs_15, uniq_ijyb
D:5:      temple_green, uniq_grinder
D:6:      minmay_flawed_box, overflow_temple_1_default,
          nicolae_overflow_hidden_temple
D:7:      minmay_misc_feat_nine_boxes, grunt_livestock
D:8:      grunt_temple_overflow_cloverleaf, serial_shops, nicolae_shop_crystal,
          nicolae_shop_stone, nicolae_shop_waterfront, nicolae_shop_trees,
          nicolae_shop_waterfront, uniq_erica, uniq_maurice
D:9:      david_orc_3
D:10:     serial_shops, nicolae_shop_behind_doors
Temple:   eino_narrow_crystal_temple
Lair:1:   beast_lair_carwin_2

Skill      XL: |  1  2  3  4  5  6  7  8  9 10 11 |
---------------+----------------------------------+-----
Short Blades   | 3 4 5 7 8 10 12 | 12.4
Fighting       | 4 5 |  5.5
Armour         | 5 6 |  6.5
Dodging        | 3 5 |  5.4
Invocations    | 1 5 10 | 10.7
Slings         | 4 |  4.6
Shields        | |  3.2

Action                   |  1- 3 |  4- 6 |  7- 9 | 10-12 || total
-------------------------+-------+-------+-------+-------++-------
Melee: Rapier            |    84 |   226 |   392 |   489 ||  1191
 Fire: Hunting sling     |       |     2 |    18 |    32 ||    52
Invok: Stomp             |       |       |     4 |       ||     4
       Line Pass         |       |       |     4 |     8 ||    12
Evoke: Wand              |       |       |       |     1 ||     1
  Use: Scroll            |       |     2 |    11 |     2 ||    15
       Potion            |       |     1 |     3 |     8 ||    12
 Stab: Paralysed         |       |       |     7 |     8 ||    15
       Confused          |       |       |       |     4 ||     4
  Eat: Chunk             |     1 |     9 |    13 |    15 ||    38
       Fruit             |       |       |     2 |       ||     2
       Royal jelly       |       |       |       |     1 ||     1
Armor: Scale mail        |    26 |    52 |    36 |       ||   114
       Ring mail         |       |       |    36 |    11 ||    47
       Leather armour    |       |       |       |    65 ||    65
Dodge: Dodged            |    15 |    73 |   148 |   262 ||   498
Block: Shield            |    27 |   100 |   130 |   236 ||   493
